 Dungeon Crawl Stone Soup version 0.25-b1-23-ge2ad7d536c (webtiles) character file.

Game seed: 7148362049992734659, levelgen mode: deterministic

51 Esekla the Magician (level 3, -2/21 HPs)
             Began as an Octopode Wizard on June 2, 2020.
             Slain by a hobgoblin
             ... wielding a +0 club
              (4 damage)
             ... on level 2 of the Dungeon.
             The game lasted 00:09:02 (1443 turns).

Esekla the Magician (Octopode Wizard)               Turns: 1443, Time: 00:09:03

Health: -2/21      AC:  1    Str:  7    XL:     3   Next: 81%
Magic:  6/8        EV: 13    Int: 20    God:
Gold:   38         SH:  0    Dex: 10    Spells: 6/9 levels left

rFire    . . .     SeeInvis .   d - +0 dagger
rCold    . . .     Gourm    .   (no shield)
rNeg     . . .     Faith    .   a - +0 hat
rPois    .         Spirit   .   (no amulet)
rElec    .         Reflect  .   (no ring)
rCorr    .         Harm     .   (no ring)
MR       .....                  (no ring)
Stlth    +++.......             (no ring)
HPRegen  0.07/turn              (no ring)
MPRegen  0.11/turn              (no ring)
                                (no ring)
                                (no ring)

@: no status effects
A: almost no armour, stealthy swim, amphibious, 8 rings, constrict 8, camouflage
1, gelatinous body 1
a: no special abilities


You were on level 2 of the Dungeon.
You were hungry.

You visited 1 branch of the dungeon, and saw 2 of its levels.

You collected 38 gold pieces.

Inventory:

Hand Weapons
 d - a +0 dagger (weapon)
Missiles
 e - 6 poisoned darts (quivered)
Armour
 a - a +0 hat (worn)
Scrolls
 b - a scroll of identify {unknown}
 f - 2 scrolls of teleportation {unknown}
 g - 2 scrolls of magic mapping {unknown}
Potions
 h - a potion of heal wounds {unknown}
 i - a potion of brilliance {unknown}
Comestibles
 c - 2 rations


   Skills:
 * Level 0.3 Fighting
 + Level 0.1 Short Blades
 + Level 2.1 Dodging
 + Level 3.3 Stealth
 * Level 3.9 Spellcasting
 + Level 1.0 Conjurations
   Level 1.0 Summonings
 * Level 1.2 Translocations


You had 6 spell levels left.
You knew the following spells:

 Your Spells              Type           Power        Failure   Level  Hunger
a - Magic Dart            Conj           #...         9%          1    None
b - Blink                 Tloc           N/A          12%         2    ##.....

Your spell library contained the following spells:

 Spells                   Type           Power        Failure   Level  Hunger
 Call Imp                 Summ           #.......     13%         2    ##.....
 Slow                     Hex            #.......     21%         2    ##.....
 Conjure Flame            Conj/Fire      #.......     30%         3    ###....
 Mephitic Cloud           Conj/Pois/Air  #.......     34%         3    ###....


Dungeon Overview and Level Annotations

Branches:
Dungeon (2/15)

Altars:


Innate Abilities, Weirdness & Mutations

You cannot wear most types of armour.
You are very stealthy in the water. (Stealth+)
You are amphibious.
You can wear up to eight rings at the same time.
You can use your tentacles to constrict eight enemies at once.
Your skin changes colour to match your surroundings (Stealth+).
Your rubbery body absorbs attacks. (AC +1, EV +1)


Message History

You hit the leopard gecko. Your grab misses the leopard gecko.
The leopard gecko is lightly wounded.
The leopard gecko barely misses you. The leopard gecko closely misses you.
You closely miss the leopard gecko. Your grab misses the leopard gecko.
The leopard gecko is lightly wounded.
The leopard gecko misses you.
You miss the leopard gecko. You grab the leopard gecko.
You squeeze the leopard gecko.
You kill the leopard gecko!
You hit the gnoll. You grab the gnoll.
You squeeze the gnoll, but do no damage.
The gnoll is lightly wounded.
You constrict the gnoll, but do no damage.
The gnoll hits you with a +0 halberd!
Ouch! That really hurt!
* * * LOW HITPOINT WARNING * * *
Cast which spell? (? or * to list)
You blink.
You lose your grip on the gnoll.
The gnoll misses you. The hobgoblin hits you with a +0 club.
You die...

##### ###### .....
###....##### .....###
##......)†... ###.....#
##..###†####.#
..#(#...#.###...#.#.# #.#
..##.##....#..##.##.# #.#
....#.#.......#.#...# #.#
#..##.##@..##.##..#####.#
###...#.#g..#.#......#...#
......##g###.##...........
#..§#.b.#....###.#...#
##..#.K.#........#...#
##.#(?%#..#.#####...#
#.#####..#.# ##.##
#........#.# #.#
######...#.######.#


You could see a gnoll and a hobgoblin.

Vanquished Creatures
  An adder (D:2)
  An ooze (D:1)
  A worm (D:2)
  2 dart slugs (D:1)
  2 leopard geckos (D:2)
  2 giant cockroaches
  3 goblins
  5 hobgoblins (D:1)
  A quokka (D:2)
  3 bats
  2 frilled lizards (D:2)
  2 kobolds (D:1)
  5 rats
30 creatures vanquished.

Notes
Turn   | Place    | Note
-------+----------+-------------------------------------------
     0 | D:1      | Esekla the Octopode Wizard began the quest for the Orb.
     0 | D:1      | Reached XP level 1. HP: 11/11 MP: 4/4
   193 | D:1      | Reached XP level 2. HP: 8/17 MP: 4/6
   213 | D:1      | Learned a level 2 spell: Blink
   621 | D:1      | Reached XP level 3. HP: 17/21 MP: 8/8
  1443 | D:2      | Slain by a hobgoblin

Illustrated notes

Levels and vault maps discovered:
D:1:      eino_arrival_cavern_a, layout_rooms, interstate_on_off,
          corexii_item_surrounded_by_moat, minmay_tetromino_l2
D:2:      layout_basic, first_ration, minmay_vboxes, uniq_sigmund, uniq_natasha

Skill      XL: |  1  2 |
---------------+-------+-----
Stealth        | 3 |  3.3
Fighting       | |  0.3
Short Blades   | |  0.1
Dodging        | |  2.1
Spellcasting   | |  3.9
Conjurations   | |  1.0
Summonings     | |  1.0
Translocations | |  1.2

Action                   || total
-------------------------++-------
Melee: Dagger            ||    64
       Tentacles         ||     8
       Constrict         ||    17
Throw: Dart              ||    10
 Cast: Magic Dart        ||    20
       Blink             ||     1
 Stab: Sleeping          ||     3
  Eat: Chunk             ||     1
Armor: Skin              ||     4
Dodge: Dodged            ||    45
